 Dungeon Crawl Stone Soup version 0.25.1-9-gc5326a611f (webtiles) character file.

Game seed: 3765624194030354770

144 teolandon225 the Sneak (level 5, -2/27 HPs)
             Began as a Spriggan Assassin on Dec 26, 2020.
             Killed from afar by Natasha (7 damage)
             ... with a magic dart
             ... on level 3 of the Dungeon.
             The game lasted 00:07:49 (3935 turns).

teolandon225 the Sneak (Spriggan Assassin)          Turns: 3935, Time: 00:07:50

Health: -2/27      AC:  2    Str:  7    XL:     5   Next: 5%
Magic:  6/6        EV: 18    Int: 13    God:
Gold:   91         SH:  0    Dex: 18    Spells: 4/4 levels left

rFire    + . .     SeeInvis +   a - +2 dagger
rCold    + . .     Gourm    .   (shield restricted)
rNeg     . . .     Faith    .   b - +0 robe
rPois    .         Spirit   .   (helmet restricted)
rElec    .         Reflect  .   j - scarf {rC+ rF+}
rCorr    .         Harm     .   (gloves unavailable)
MR       .....                  (boots unavailable)
Stlth    ++++......             (no amulet)
HPRegen  0.09/turn              (no ring)
MPRegen  0.10/turn              (no ring)

@: very quick
A: very small, unfitting armour, see invisible, herbivore, speed 3, slow
metabolism 2
a: no special abilities


You were on level 3 of the Dungeon.
You were hungry.

You visited 1 branch of the dungeon, and saw 3 of its levels.

You collected 91 gold pieces.

Inventory:

Hand Weapons
 a - a +2 dagger (weapon)
Missiles
 d - 8 poisoned darts (quivered)
 e - 2 curare-tipped darts
Armour
 b - a +0 robe (worn)
 c - a +0 cloak
 h - a scarf of harm
 j - a scarf of resistance (worn)
 k - a +0 pair of boots
Scrolls
 g - 3 scrolls of identify {unknown}
 i - a scroll of amnesia {unknown}
 l - 2 scrolls of teleportation {unknown}
Potions
 m - 2 potions of brilliance {unknown}
 n - a potion of berserk rage {unknown}
Comestibles
 f - 4 rations


   Skills:
 * Level 2.6 Fighting
 * Level 3.5 Short Blades
 - Level 2.0 Throwing
 + Level 3.1 Dodging
 * Level 7.1 Stealth


You had 4 spell levels left.
You didn't know any spells.
Your spell library was empty.

Dungeon Overview and Level Annotations

Branches:
Dungeon (3/15)

Altars:
Wu Jian

Annotations:
D:3 Natasha, Robin


Innate Abilities, Weirdness & Mutations

You are very small and have problems with some larger weapons.
You are too small for most types of armour.
You have supernaturally acute eyesight. (SInv)
You are a herbivore.
You cover ground extremely quickly.
You need to consume almost no food.


Message History

You hit Natasha.
Natasha is severely wounded.
Natasha drinks a potion.
Natasha is healed!
You closely miss Natasha.
Natasha stares at you and mumbles some strange words.
You easily resist.
You hit Natasha.
Natasha is lightly wounded.
Natasha claws you!
* * * LOW HITPOINT WARNING * * *
You hit Natasha.
Natasha is moderately wounded.
You hit Natasha but do no damage.
Natasha is moderately wounded.
Natasha closely misses you.
You barely miss Natasha.
Natasha is moderately wounded.
Natasha casts a spell at you. The magic dart hits you!
You die...

# .. #. #. #.##########
#....#.(...## #####
#...<.......## ....#
#..@.........# .##.#
#8...8##..h.........#
###.#
#.....##............# #
#.#
8.....8#............#
###.##
.....##............#####
#.#..#
8...8##................#
#.##.# ##_##
#...........####.##
..##.#
#######....#.....## #..#
.###.###..#
#.########### ####.#


You could see Natasha.

Vanquished Creatures
  Terence (D:2)
  Natasha (D:3)
  3 adders (D:2)
  An ooze (D:3)
  2 dart slugs (D:2)
  2 leopard geckos (D:2)
  An orc (D:3)
  2 giant cockroaches
  2 goblins
  7 hobgoblins
  16 jackals
  3 quokkas (D:2)
  2 bats (D:2)
  A frilled lizard (D:2)
  4 kobolds
  4 rats
52 creatures vanquished.

Notes
Turn   | Place    | Note
-------+----------+-------------------------------------------
     0 | D:1      | teolandon225 the Spriggan Assassin began the quest for the
                  | Orb.
     0 | D:1      | Reached XP level 1. HP: 10/10 MP: 2/2
   241 | D:1      | Reached skill level 6 in Stealth
   244 | D:1      | Reached XP level 2. HP: 10/15 MP: 3/3
  1054 | D:2      | Reached XP level 3. HP: 15/18 MP: 4/4
  2189 | D:2      | Noticed Terence
  2194 | D:2      | Killed Terence
  2194 | D:2      | Reached XP level 4. HP: 23/23 MP: 5/5
  3166 | D:3      | Found an ornate altar of the Wu Jian Council.
  3215 | D:3      | Noticed Natasha
  3246 | D:3      | Killed Natasha
  3246 | D:3      | Reached skill level 7 in Stealth
  3534 | D:3      | Reached XP level 5. HP: 27/27 MP: 6/6
  3668 | D:3      | Noticed Robin
  3715 | D:3      | Noticed Natasha
  3935 | D:3      | Killed from afar by Natasha

Illustrated notes

Levels and vault maps discovered:
D:1:      onia_arrival_pentagram, layout_basic
D:2:      minmay_spotlight, layout_loops_corners, uniq_terence
D:3:      layout_rooms, nicolae_overflow_hidden_temple, serial_curves,
          eino_curves_02, eino_curves_03, uniq_natasha, uniq_robin

Skill      XL: |  1  2  3  4 |
---------------+-------------+-----
Stealth        | 6 7 |  7.1
Dodging        | 2 3 |  3.1
Fighting       | 2 |  2.6
Short Blades   | 3 |  3.5
Throwing       | |  2.0

Action                   |  1- 3 |  4- 6 || total
-------------------------+-------+-------++-------
Melee: Dagger            |   116 |   146 ||   262
  Use: Scroll            |     1 |       ||     1
       Potion            |       |     2 ||     2
 Stab: Sleeping          |    10 |     1 ||    11
Armor: Robe              |    12 |     3 ||    15
       Skin              |       |    16 ||    16
Dodge: Dodged            |    89 |    92 ||   181
